AoeStats
← georgeclay56789

Migration

509616260Analyzed
1v1 RM · 6d ago on Sep 27, 2026· 40m 38s· 2 players
Game mode
Random Map
Map size
132×132
Population
200
Speed
Normal
Resources
Standard
Victory
Conquest
Starting age
Dark Age
Ending age
Imperial Age
RankedLock teamsTeams togetherTeam positionsShared explorationLock speedFull tech treeHidden civsTurbo modeCheats
Victory
Defeat
🇨🇳 Varangians · China
936
+16
🇬🇧 Portuguese · United Kingdom
933
-16
georgeclay56789
1:53 Loom
14:18 Feudal Age
14:44 Double-Bit Axe
15:00 Fishing Lines
18:27 Castle Age
16:55 Fletching
17:43 Wheelbarrow
18:22 Bloodlines
18:29 Forging
19:19 Medium Warships
19:16 Husbandry
19:47 Gold Mining
21:35 Bodkin Arrow
22:00 Horse Collar
24:04 Scale Barding Armor
25:52 Hand Cart
31:16 Imperial Age
29:36 Ballistics
33:05 Chemistry
33:54 Elite Caravel
35:44 Conscription
40:24 Cavalier
zt198204232022
0:38 Loom
13:57 Feudal Age
14:53 Gold Mining
14:51 Double-Bit Axe
15:04 Fishing Lines
18:37 Castle Age
16:57 Stone Mining
18:40 Fletching
19:43 Bow Saw
19:33 Bodkin Arrow
19:44 Gillnets
20:01 Horse Collar
21:04 Stone Shaft Mining
20:57 Treadmill Crane
22:34 Town Watch
22:40 Town Watch
23:49 Ballistics
26:14 Imperial Age
25:44 Wheelbarrow
28:01 Hand Cart
29:08 Chemistry
29:10 Two-Man Saw
28:16 Heavy Plow
31:10 Bracer
33:07 Crop Rotation
36:00 Shipwright
36:51 Elite Longship
Connection lost

Rejoining the realm…

Still unreachable

The connection could not be restored.

Session expired

The server has moved on; the page needs a fresh start.